 Dungeon Crawl Stone Soup version 0.27.1-4-g1640c2035a (webtiles) character file.

Game seed: 17777960049838883169

4 belegose the Sneak (level 1, 0/14 HPs)
             Began as a Gargoyle Delver on Nov 18, 2021.
             Slain by an orc (6 damage)
             ... on level 4 of the Dungeon.
             The game lasted 00:01:41 (297 turns).

belegose the Sneak (Gargoyle Delver)                 Turns: 297, Time: 00:01:42

Health: 0/14       AC:  9    Str: 15    XL:     1   Next: 70%
Magic:  1/1        EV: 11    Int: 10    God:
Gold:   0          SH:  0    Dex: 11    Spells: 0/0 levels left

rFire    . . .     SeeInvis .   a - +0 mace
rCold    . . .     Faith    .   (no shield)
rNeg     + . .     Spirit   .   b - +0 leather armour
rPois    ∞         Reflect  .   (no helmet)
rElec    +         Harm     .   (no cloak)
rCorr    .         Rampage  .   (no gloves)
Will     .....                  (no boots)
Stlth    +++.......             (no amulet)
HPRegen  0.04/turn              i - +4 ring of protection
MPRegen  0.07/turn              (no ring)

@: no status effects
A: sickness immunity, AC +2, negative energy resistance 1, electricity
resistance, torment resistance 1, petrification resistance
a: no special abilities


You were on level 4 of the Dungeon.
You visited 1 branch of the dungeon, and saw 2 of its levels.

Inventory:

Hand Weapons
 a - a +0 mace (weapon)
Missiles
 h - 3 poisoned darts (quivered)
Armour
 b - a +0 leather armour (worn)
Jewellery
 i - a +4 ring of protection (left hand)
Wands
 g - a wand of digging (3)
Scrolls
 c - a scroll of fog
 d - a scroll of magic mapping
 e - a scroll of fear
Potions
 f - a potion of haste
 j - a potion of flight {unknown}
 k - a potion of attraction {unknown}


   Skills:
 + Level 3.4 Fighting
 + Level 2.1 Maces & Flails
 + Level 0.4 Armour
 - Level 1.5 Dodging
 + Level 5.5 Stealth


You couldn't memorise any spells.
You didn't know any spells.
Your spell library was empty.

Dungeon Overview and Level Annotations

Branches:
Dungeon (5/15)
 Temple: D:4-7

Altars:
Vehumet

Shops:
D:4 *


Innate Abilities, Weirdness & Mutations

You are immune to sickness and miasma.
Your stone body is resilient. (AC +2)
You are immune to poison.
You resist negative energy. (rN+)
You are resistant to electric shocks. (rElec)
You are resistant to unholy torment.
You are immune to petrification.


Message History

The ball python bites you but does no damage.
The ball python constricts you.
You sock the ball python!
You kill the ball python!
k - a yellow potion You open the door.
There is an open door here.
Found Wyept's Whimsical Warehouse.
There is an entrance to Wyept's Whimsical Warehouse here.
An orc wizard comes into view. It is wielding a +0 dagger.
An orc comes into view. It is wielding a +0 short sword.
The orc moves out of view.
The orc hits you but does no damage.
You barely miss the orc. The orc hits you with a +0 short sword.
You hit the orc.
The orc is moderately wounded.
The orc hits you but does no damage. x2
You hit the orc but do no damage.
The orc is moderately wounded.
The orc hits you but does no damage.
You hit the orc but do no damage.
The orc is moderately wounded.
The orc hits you with a +0 short sword.
You sock the orc!
You kill the orc!
Things that are here:
a +0 short sword; a +0 chain mail You start resting.
HP restored.
Things that are here:
a +0 short sword; a +0 chain mail
Found a radiant altar of Vehumet.
A centaur skeleton comes into view.
An orc comes into view. It is wielding a +0 trident.
The orc barely misses you. The orc hits you with a +0 trident.
You closely miss the orc. The orc hits you with a +0 trident.
The orc hits you but does no damage.
You barely miss the orc. The orc hits you with a +0 trident.
You die...

#......##.#
#.........#
####'####.#
######'## #.#
#.......# #.#
#.......# #.#
#.......###.#
#........####
#@.......#
#o.......# ###
.#######........#
#.#
.......#........###
#.# #...#####.....#
#.# #.....#..##
#.....# #..
...#......#
#.....#####.# .
...#..#.#
#.....'......
.........#
#.....#######


You could see an orc.

Vanquished Creatures
  An orc (D:4)
  A giant cockroach (D:4)
  A ball python (D:4)
  A kobold (D:4)
4 creatures vanquished.

Notes
Turn   | Place    | Note
-------+----------+-------------------------------------------
     0 | D:5      | belegose the Gargoyle Delver began the quest for the Orb.
     0 | D:5      | Reached XP level 1. HP: 14/14 MP: 1/1
   110 | D:4      | Found Wyept's Whimsical Warehouse.
   131 | D:4      | Noticed an orc wizard
   260 | D:4      | Found a radiant altar of Vehumet.
   297 | D:4      | Slain by an orc

Illustrated notes

Levels and vault maps discovered:
D:4:      layout_basic, nicolae_vehumet_radiance, okawaru_ov_weapons_minmay,
          lemuel_doored_altar, led_sif_book, minivault_19,
          minmay_misc_feat_encased, nicolae_alphabet_shops
D:5:      cheibrodos_fzero, layout_rooms, mainiacjoe_overflow_small_starburst,
          lemuel_coloured_pillars_altar, temple_statues, amethyst_killhole,
          minmay_misc_feat_four_crosses, minmay_misc_feat_enclosed,
          item_on_display_b

Action                   || total
-------------------------++-------
Melee: Mace              ||    13
Armor: Leather armour    ||     7
Dodge: Dodged            ||     5
